 Dungeon Crawl Stone Soup version 0.17-a0-725-gfa8c127 (webtiles) character file.

6378 FedoraBrony69 the Thaumaturge (level 10, -13/56 HPs)
             Began as a Deep Elf Conjurer on Apr 20, 2015.
             Was a High Priest of Sif Muna.
             Mangled by a black mamba (16 damage)
             ... on level 4 of the Lair of Beasts.
             The game lasted 00:41:57 (11121 turns).

FedoraBrony69 the Thaumaturge (Deep Elf Conjurer)  Turns: 11121, Time: 00:41:57

Health: -13/56     AC: 10    Str:  5    XL:     10   Next: 65%
Magic:  20/27      EV: 17    Int: 24    God:    Sif Muna [*****.]
Gold:   392        SH:  6    Dex: 18    Spells: 5 memorised, 16 levels left

rFire  . . .     SeeInvis .     Q - +2 mace (protect)
rCold  . . .     Clarity  .     a - +0 robe
rNeg   . . .     SustAb   .     M - +0 buckler
rPois  .         Gourm    .     h - +0 helmet
rElec  .         Spirit   .     l - +0 cloak of the Republic {Dex+3}
rCorr  .         Warding  .     (no gloves)
rMut   .         Stasis   .     x - +0 pair of boots
MR     +....                    d - amulet of faith
Stlth  ++........               (no ring)
                                (no ring)

@: very slightly contaminated, somewhat resistant to hostile enchantments,
unstealthy
A: no striking features
a: Channel Energy, Forget Spell, Renounce Religion


You were on level 4 of the Lair of Beasts.
You worshipped Sif Muna.
Sif Muna was extremely pleased with you.
You were hungry.

You visited 3 branches of the dungeon, and saw 12 of its levels.

You collected 392 gold pieces.

Inventory:

Hand weapons
 Q - a +2 mace of protection (weapon)
Armour
 a - a +0 robe (worn)
 h - a +0 helmet (worn)
 l - the +0 cloak of the Republic (worn) {Dex+3}
   (You found it on level 1 of the Lair of Beasts)

   It affects your dexterity (+3).
 w - a +0 cloak
 x - a +0 pair of boots (worn)
 M - a +0 buckler (worn)
Magical staves
 A - an uncursed staff of summoning
Jewellery
 d - an amulet of faith (around neck)
Magical devices
 C - a wand of cold (7)
 H - a wand of slowing (27)
 K - a wand of frost (24)
 P - a wand of flame (23)
 S - a wand of polymorph (7)
Scrolls
 e - 2 scrolls of immolation {unknown}
 i - 2 scrolls of magic mapping
 k - 2 scrolls of recharging
 q - 2 scrolls of remove curse
 s - 2 scrolls of fear
 z - a scroll of enchant armour
 F - 4 scrolls of identify
 I - a scroll of noise {unknown}
 J - a scroll of amnesia {unknown}
Potions
 f - a potion of haste {unknown}
 g - 6 potions of curing
 j - 5 potions of agility {unknown}
 n - 4 potions of heal wounds {unknown}
 u - a potion of flight {unknown}
 v - a potion of lignification {unknown}
 B - a potion of poison {unknown}
 E - 3 potions of brilliance {unknown}
 G - a potion of restore abilities {unknown}
 N - a potion of ambrosia {unknown}
Books
 c - a book of Conjurations

   Spells                             Type                      Level
   a - Magic Dart                     Conjuration                  1
   b - Searing Ray                    Conjuration                  2
   c - Dazzling Spray                 Conjuration/Hexes            3
   d - Fulminant Prism                Conjuration/Hexes            4
   e - Iskenderun's Mystic Blast      Conjuration                  4
   f - Iskenderun's Battlesphere      Conjuration/Charms           5
 y - a book of Battle

   Spells                             Type                      Level
   a - Infusion                       Charms                       1
   b - Shroud of Golubria             Charms/Translocation         2
   c - Song of Slaying                Charms                       2
   d - Spectral Weapon                Hexes/Charms                 3
   e - Regeneration                   Charms/Necromancy            3
Comestibles
 b - 10 bread rations
 m - a slice of pizza
 o - 2 royal jellies
 t - 3 meat rations
 O - 6 beef jerkies


   Skills:
 + Level 3.9 Fighting
 + Level 6.5 Dodging
 - Level 2.4 Stealth
 - Level 5.0 Shields
 + Level 11.1 Spellcasting
 - Level 10.2 Conjurations
 * Level 1.1 Hexes
 - Level 8.1 Charms


You had 16 spell levels left.
You knew the following spells:

 Your Spells              Type           Power        Failure   Level  Hunger
a - Magic Dart            Conj           ####         1%          1    None
b - Iskenderun's Battles  Conj/Chrm      ######..     3%          5    ####...
c - Iskenderun's Mystic   Conj           ######..     1%          4    None
d - Dazzling Spray        Conj/Hex       #####...     1%          3    None
e - Shroud of Golubria    Chrm/Tloc      ####......   1%          2    None


Dungeon Overview and Level Annotations

Branches:
Dungeon (8/15)             Temple (1/1) D:4            Lair (4/8) D:8
  Snake (0/5) Lair:4
  Swamp: Lair:3-6    Shoals: Lair:3-6

Altars:
Ashenzari
Cheibriados
Dithmenos
Elyvilon
Fedhas
Kikubaaqudgha
Makhleb
Nemelex Xobeh
Qazlal
Sif Muna
Trog
Vehumet
Xom
Yredelemnul
Zin
The Shining One

Shops:
D:4 (   D:7 %

Annotations:
Lair:1 Fannar
Lair:4 Josephine


Message History

A water moccasin comes into view.
You block the black mamba's attack.
Found a staircase to the Snake Pit.
The black mamba bites you!
* * * LOW HITPOINT WARNING * * *
A black mamba comes into view.
A black mamba comes into view.
You block the black mamba's attack.
You flicker for a moment.
The black mamba completely misses you. The black mamba closely misses you.
An adder comes into view.
The black mamba bites you.
* * * LOW HITPOINT WARNING * * *
The water moccasin hisses angrily.
The black mamba completely misses you.
You flicker back into view.
The black mamba hisses angrily.
The black mamba bites you!
You die...

. # .. .#.# .# ###.. .
#..##.#.. ......#
.S...#..# P.....P
...P....## ##......
#.....##### ##......#
#..S@S#S.P###.......#
###.SSPW...@.##P......#
#P....FS........#......
#......P...###...........
....###...## ####........


.PP ##..# #........ ## #..# ##....... #... ###..... #..S# #...... You could see
Josephine, 5 black mambas, a wraith, a water moccasin and a giant frog.

Vanquished Creatures
  A hydra (Lair:1)
  An elephant (D:7)
  A wraith (Lair:4)
  A hippogriff (D:7)
  4 yaks
  A water moccasin (Lair:1)
  Menkaure (D:7)
  6 wolves (Lair:4)
  2 porcupines (Lair:1)
  2 sky beasts
  Purgy (D:4)
  A black bear (D:7)
  3 centaurs
  6 ogres
  An orc warrior (D:6)
  2 ice beasts (D:5)
  A crocodile (D:8)
  5 giant frogs
  A gnoll sergeant (D:7)
  A wyvern skeleton (D:6)
  3 wights (D:7)
  2 killer bees
  2 goliath beetles (D:8)
  The ghost of Sixotanaka the Chopper, a weakling VSBe of Trog (D:5)
  4 orc priests
  2 jellies
  Crazy Yiuf (D:2)
  4 hounds
  6 orc wizards
  2 giant frog skeletons
  2 iguanas
  7 worker ants
  A hound skeleton (D:6)
  16 river rats
  15 adders
  4 gnolls (D:7)
  2 shadow imps
  2 oozes
  2 adder skeletons
  4 worms
  A giant gecko (D:6)
  24 orcs
  A bat skeleton (D:4)
  6 giant cockroaches
  13 goblins
  15 hobgoblins
  13 jackals
  9 kobolds
  4 quokkas
  9 ball pythons
  12 bats
  6 giant newts
  A jackal skeleton (D:4)
  A quokka skeleton (D:4)
  10 rats
  A fungus (Lair:4)
250 creatures vanquished.

Vanquished Creatures (others)
  A plant (Lair:1)
1 creature vanquished.

Grand Total: 251 creatures vanquished

Notes
Turn   | Place    | Note
--------------------------------------------------------------
     0 | D:1      | FedoraBrony69, the Deep Elf Conjurer, began the quest for the Orb.
     0 | D:1      | Reached XP level 1. HP: 10/10 MP: 6/6
   137 | D:1      | Found a snail-covered altar of Cheibriados.
   352 | D:1      | Reached XP level 2. HP: 15/15 MP: 6/8
   915 | D:1      | Reached skill level 5 in Conjurations
  1318 | D:2      | Reached XP level 3. HP: 16/19 MP: 0/10
  1806 | D:2      | Found a deep blue altar of Sif Muna.
  1809 | D:2      | Became a worshipper of Sif Muna the Loreminder
  2091 | D:2      | Noticed Crazy Yiuf
  2376 | D:3      | Reached XP level 4. HP: 24/24 MP: 7/12
  2382 | D:3      | Learned a level 4 spell: Iskenderun's Mystic Blast
  2570 | D:3      | Reached skill level 5 in Spellcasting
  2582 | D:3      | Reached skill level 6 in Conjurations
  2582 | D:3      | Reached XP level 5. HP: 16/28 MP: 5/14
  2619 | D:3      | Learned a level 5 spell: Iskenderun's Battlesphere
  3068 | D:3      | Reached skill level 1 in Charms
  3388 | D:2      | Killed Crazy Yiuf
  3388 | D:2      | Acquired Sif Muna's first power
  3469 | D:4      | Noticed a centaur
  3475 | D:4      | Killed a centaur
  3475 | D:4      | Reached XP level 6. HP: 13/32 MP: 0/16
  4009 | D:4      | Found Yttu's Weapon Shop.
  4118 | D:4      | Reached skill level 5 in Charms
  4492 | D:4      | Found a staircase to the Ecumenical Temple.
  4509 | Temple   | Entered the Ecumenical Temple
  5006 | D:4      | Noticed Purgy
  5009 | D:4      | Killed Purgy
  5009 | D:4      | Reached XP level 7. HP: 36/36 MP: 7/18
  5032 | D:5      | Entered Level 5 of the Dungeon
  5172 | D:5      | Acquired Sif Muna's second power
  5296 | D:5      | Noticed Sixotanaka's ghost (weakling VSBe)
  5383 | D:4      | Reached skill level 7 in Conjurations
  5744 | D:5      | Reached XP level 8. HP: 41/41 MP: 12/20
  5812 | D:5      | Reached skill level 8 in Charms
  6333 | D:5      | Killed Sixotanaka's ghost
  6867 | D:6      | Reached skill level 1 in Fighting
  6870 | D:6      | Found a shimmering altar of Xom.
  7627 | D:7      | Acquired Sif Muna's third power
  7651 | D:7      | Found Wucyos's Food Emporium.
  7665 | D:7      | Reached skill level 9 in Spellcasting
  7810 | D:7      | Noticed Menkaure
  7813 | D:7      | Killed Menkaure
  7813 | D:7      | Reached XP level 9. HP: 48/48 MP: 13/24
  8242 | D:8      | Found a bloodstained altar of Trog.
  8517 | D:8      | Found a shattered altar of Ashenzari.
  8523 | D:8      | Found a basalt altar of Yredelemnul.
  8525 | D:8      | Reached skill level 1 in Shields
  8745 | D:8      | Noticed an elephant
  8972 | D:6      | HP: 1/48 [wyvern skeleton (13)]
  9343 | D:8      | Found a staircase to the Lair.
  9734 | D:7      | Killed an elephant
  9882 | D:7      | Reached skill level 5 in Shields
  9959 | D:8      | Reached skill level 10 in Spellcasting
  9995 | D:8      | Reached XP level 10. HP: 38/53 MP: 5/26
 10000 | Lair:1   | Entered Level 1 of the Lair of Beasts
 10204 | Lair:1   | Noticed an eight-headed hydra
 10213 | Lair:1   | Killed an eight-headed hydra
 10213 | Lair:1   | Reached skill level 5 in Dodging
 10336 | Lair:1   | Got an ancient cloak
 10347 | Lair:1   | Identified the cursed +0 cloak of the Republic {Dex+3} (You found it on level 1 of the Lair of Beasts)
 10398 | Lair:1   | Reached skill level 10 in Conjurations
 10477 | Lair:1   | Noticed Fannar
 10495 | Lair:2   | Noticed an elephant
 10497 | Lair:2   | Noticed an elephant
 10499 | Lair:2   | Noticed an elephant
 10499 | Lair:2   | Noticed an elephant
 10525 | Lair:2   | You fall through a shaft!
 10789 | Lair:4   | Reached skill level 11 in Spellcasting
 10794 | Lair:4   | Learned a level 3 spell: Dazzling Spray
 10956 | Lair:4   | Learned a level 2 spell: Shroud of Golubria
 11031 | Lair:4   | Noticed Josephine
 11054 | Lair:4   | Reached skill level 1 in Hexes
 11100 | Lair:4   | Noticed a black mamba
 11109 | Lair:4   | Noticed a black mamba
 11110 | Lair:4   | Noticed a black mamba
 11111 | Lair:4   | Found a staircase to the Snake Pit.
 11113 | Lair:4   | Noticed a black mamba
 11114 | Lair:4   | Noticed a black mamba
 11117 | Lair:4   | HP: 2/56 [black mamba (4)]
 11121 | Lair:4   | Mangled by a black mamba

Action                   |  1- 3 |  4- 6 |  7- 9 | 10-12 || total
-------------------------+-------+-------+-------+-------++-------
Melee: Unarmed           |     8 |       |       |       ||     8
       Short sword       |     3 |       |       |       ||     3
       Quarterstaff      |       |     2 |     9 |       ||    11
       Mace              |       |       |       |     4 ||     4
 Cast: Magic Dart        |    92 |    92 |   135 |    40 ||   359
       Iskenderun's Myst |       |    23 |    98 |    24 ||   145
       Iskenderun's Batt |       |     1 |    19 |     8 ||    28
Invok: Channel Energy    |       |       |       |     4 ||     4
  Use: Scroll            |       |       |     8 |     3 ||    11
       Potion            |       |       |     1 |     2 ||     3
  Eat: Chunk             |     4 |     9 |    24 |     3 ||    40
       Beef jerky        |       |     1 |       |       ||     1
       Pizza             |       |       |       |     1 ||     1
